Map: Ruins of Endion

Players

GilTzOkO - Winner!

  • Race: Terran Terran
  • League: Master

Miszu

  • Race: Protoss Protoss
  • League: Master

VOD

Have the link to the VOD?

Description

Time

  • Played on: June 27, 2016, 3:32 p.m.
  • Length: 10:16
Show
View Real Time Build Order
Export as new Build Order

GilTzOkO Terran - Winner!

Build Orders: Liberator Opening, MMM Bio 

Get SALT Encoding   

  12  0:01  SCV  
  13  0:13  SCV  
  14  0:18  Supply Depot  
  14  0:25  SCV  
  15  0:40  SCV  
  16  0:43  Refinery  
  16  0:50  Barracks  
  16  0:52  SCV  
  18  1:04  SCV  
  18  1:16  SCV  
  19  1:28  SCV  
  19  1:30  Supply Depot  
  20  1:37  Marine  
  21  1:41  Orbital Command  
  21  1:44  Factory  
  21  1:56  Marine  
  22  2:07  SCV  
  23  2:14  Barracks Reactor  
  23  2:19  SCV  
  24  2:24  Command Center  
  24  2:27  Widow Mine  
  26  2:31  SCV  
  26  2:33  Refinery  
  27  2:40  Supply Depot  
  27  2:43  SCV  
  28  2:50  Marine  
  28  2:51  Marine  
  30  2:55  SCV  
  31  3:02  Starport  
  31  3:07  SCV  
  32  3:13  Marine  
  32  3:14  Marine  
  32  3:19  SCV  
  37  3:31  Marine, SCV  
  37  3:32  Marine  
  38  3:36  SCV  
  38  3:40  Liberator  
  39  3:43  Liberator  
  39  3:48  Barracks  
  39  3:50  Barracks  
  39  3:54  SCV, Orbital Command  
  46  4:05  Bunker  
  46  4:06  SCV  
  46  4:07  Barracks Tech Lab  
  47  4:18  SCV  
  47  4:20  SCV  
  47  4:27  Supply Depot  
  47  4:28  Marauder  
  47  4:29  Stimpack  
  47  4:30  SCV  
  50  4:32  SCV  
  50  4:35  Barracks Reactor  
  51  4:39  Barracks Tech Lab  
  51  4:42  SCV  
  52  4:48  SCV  
  52  4:49  Marine  
  54  4:53  Refinery  
  54  4:54  Refinery, SCV  
  54  4:56  Supply Depot  
  54  4:58  Combat Shields  
  55  5:00  SCV  
  55  5:01  Marine  
  55  5:06  SCV  
  58  5:08  Marauder  
  58  5:12  SCV  
  61  5:15  Marine  
  61  5:17  Marine  
  61  5:18  SCV  
  61  5:19  Marine  
  65  5:22  Engineering Bay  
  65  5:28  Supply Depot, Marine  
  66  5:37  Marauder  
  68  5:45  Medivac  
  68  5:49  Marine x2  
  70  5:50  Medivac, Marauder, SCV  
  70  5:51  Supply Depot  
  77  5:57  SCV  
  77  5:58  Engineering Bay, Missile Turret  
  77  6:03  Marine  
  76  6:08  SCV  
  76  6:10  SCV  
  75  6:12  Widow Mine  
  75  6:15  Medivac  
  79  6:20  Medivac, Concussive Shells  
  79  6:21  Marine x3  
  79  6:22  Marine  
  79  6:24  Terran Infantry Weapons Level 1, Missile Turret  
  79  6:25  Terran Infantry Armor Level 1  
  85  6:27  Supply Depot  
  85  6:28  SCV  
  86  6:41  Command Center  
  86  6:43  Factory Reactor  
  86  6:47  Supply Depot  
  86  6:48  Supply Depot  
  86  6:49  SCV x2  
  86  6:50  Marine x2  
  86  6:51  Marine x2, Liberator x2  
  92  6:56  Barracks  
  92  7:08  SCV x2  
  94  7:11  Supply Depot  
  94  7:14  Marine x2  
  102  7:16  Marine x2, Missile Turret  
  102  7:20  SCV x2  
  106  7:25  Widow Mine x2  
  110  7:32  Marine  
  110  7:33  SCV  
  110  7:34  Marine x2  
  110  7:35  Marauder  
  113  7:50  Marine  
  110  7:51  Medivac x2  
  110  7:52  Marine x2  
  110  7:57  Marauder  
  110  7:58  Barracks Tech Lab  
  118  8:00  Orbital Command  
  118  8:04  Widow Mine, SCV x2, Liberator  
  118  8:05  Widow Mine  
  124  8:08  Marine  
  124  8:10  Supply Depot  
  124  8:11  Armory  
  125  8:16  SCV  
  125  8:17  SCV  
  125  8:19  Supply Depot  
  127  8:22  Supply Depot  
  130  8:28  SCV  
  130  8:29  SCV  
  130  8:31  Marauder x3, Liberator, SCV  
  130  8:33  Missile Turret  
  139  8:34  Supply Depot  
  139  8:47  Liberator  
  142  8:53  Marauder  
  142  8:54  Ghost Academy  
  138  9:04  SCV  
  138  9:07  SCV  
  138  9:08  Starport  
  138  9:09  Starport  
  143  9:10  Barracks  
  143  9:13  Barracks, SCV  
  143  9:14  Liberator  
  144  9:17  SCV  
  144  9:19  Missile Turret  
  144  9:20  Marauder x2, Missile Turret  
  144  9:21  SCV  
  150  9:25  SCV  
  154  9:34  Refinery  
  154  9:35  Refinery  
  154  9:40  Hellion  
  154  9:41  Hellion, Ghost  
  154  9:45  Supply Depot  
  160  9:51  Marauder  
Show
View Real Time Build Order
Export as new Build Order

Miszu Protoss 

Build Orders: 1 Gate Expand, Blink Stalkers 

Get SALT Encoding   

  12  0:01  Probe (Chrono Boost)  
  13  0:11  Probe (Chrono Boost)  
  14  0:17  Pylon  
  14  0:23  Probe (Chrono Boost)  
  16  0:35  Probe (Chrono Boost)  
  16  0:37  Gateway  
  16  0:46  Probe (Chrono Boost)  
  18  1:00  Assimilator  
  17  1:12  Nexus  
  17  1:24  Cybernetics Core  
  17  1:25  Probe (Chrono Boost)  
  18  1:36  Assimilator, Probe (Chrono Boost)  
  19  1:46  Pylon, Probe (Chrono Boost)  
  20  2:04  Mothership Core (Chrono Boost)  
  22  2:13  Stalker  
  24  2:22  Probe (Chrono Boost)  
  25  2:25  Warp Gate  
  25  2:26  Probe (Chrono Boost)  
  26  2:33  Probe (Chrono Boost)  
  26  2:36  Probe (Chrono Boost)  
  28  2:42  Twilight Council  
  28  2:43  Probe (Chrono Boost)  
  29  2:47  Probe (Chrono Boost)  
  29  2:50  Stalker  
  32  2:54  Probe (Chrono Boost)  
  32  2:58  Probe (Chrono Boost)  
  34  3:05  Probe (Chrono Boost)  
  35  3:08  Probe (Chrono Boost)  
  35  3:15  Robotics Facility, Probe (Chrono Boost)  
  36  3:20  Stalker  
  36  3:23  Probe (Chrono Boost)  
  39  3:38  Probe x2 (Chrono Boost)  
  39  3:40  Gateway  
  41  3:42  Gateway  
  41  3:48  Probe (Chrono Boost)  
  41  3:49  Probe (Chrono Boost)  
  42  3:57  Blink (Chrono Boost)  
  42  3:58  Probe  
  42  3:59  Probe  
  42  4:02  Observer (Chrono Boost)  
  45  4:09  Probe  
  45  4:16  Probe  
  46  4:17  Pylon  
  46  4:34  Assimilator, Probe  
  46  4:35  Assimilator  
  46  4:37  Nexus, Observer (Chrono Boost)  
  48  4:39  Probe  
  48  4:42  Pylon  
  48  4:44  Probe  
  49  4:48  Stalker x2  
  54  4:53  Pylon  
  54  4:58  Probe  
  54  5:00  Probe  
  54  5:01  Observer (Chrono Boost)  
  57  5:09  Stalker, Probe  
  53  5:40  Probe  
  53  5:41  Probe  
  55  5:44  Stalker x3  
  61  5:51  Probe  
  61  5:54  Probe  
  61  5:55  Probe  
  63  6:05  Probe  
  63  6:07  Probe  
  63  6:11  Probe  
  63  6:15  Resonating Glaives (Chrono Boost)  
  63  6:17  Warp Prism (Chrono Boost)  
  66  6:20  Stalker x2  
  66  6:23  Probe  
  66  6:24  Probe  
  72  6:28  Adept, Probe  
  75  6:37  Pylon  
  75  6:44  Adept x2  
  79  6:47  Probe x2  
  79  6:48  Probe  
  82  6:57  Probe  
  82  6:59  Pylon  
  83  7:02  Pylon  
  83  7:04  Stalker  
  83  7:05  Adept  
  83  7:06  Sentry  
  83  7:07  Probe  
  90  7:16  Observer  
  91  7:30  Gateway  
  91  7:32  Gateway  
  91  7:33  Gateway  
  91  7:36  Forge  
  87  7:37  Observer  
  87  7:39  Adept x2  
  87  7:40  Adept  
  94  7:57  Probe x2  
  92  7:58  Probe  
  92  8:00  Adept x3  
  101  8:10  Pylon  
  101  8:18  Forge  
  101  8:23  Probe  
  101  8:24  Pylon  
  101  8:25  Pylon  
  93  8:28  Photon Cannon  
  93  8:30  Probe  
  94  8:35  Immortal  
  94  8:39  Robotics Facility  
  98  8:41  Adept x2  
  98  8:42  Adept x2  
  98  8:45  Adept  
  98  8:47  Adept  
  105  9:08  Adept x4  
  113  9:10  Adept, Stalker  
  113  9:16  Photon Cannon  
  117  9:27  Pylon  
  117  9:36  Stalker x2  
  117  9:37  Adept x2  
Tags
 
Add a new tag
Caveats
  • Supply blocks, unpowered buildings, or Contaminate may cause inaccurate times.
  • Supply counts are checked every 10 seconds.